 Dungeon Sprint DCSS version 0.28.0-53-g5a82cb258f (webtiles) character file.

Game seed: 12896025235250376001

8803 Zeld the Severer (level 11, -10/112 HPs)
             Began as a Minotaur Berserker on June 14, 2022.
             Was the Champion of Trog.
             Mangled by Sonja
             ... wielding a +2 dagger of distortion
              (16 damage)
             ... in the Dungeon (Sprint IX: "|||||||||||||||||||||||||||||").
             The game lasted 00:01:54 (2612 turns).

Zeld the Severer (Minotaur Berserker)               Turns: 2612, Time: 00:01:55

Health: -10/112    AC:  6    Str: 25    XL:     11   Next: 14%
Magic:  10/10      EV: 17    Int:  4    God:    Trog [******]
Gold:   25         SH:  0    Dex: 11    Spells: 10/10 levels left

rFire   . . .      SeeInvis +   a - +4 battleaxe of the Other Side {vorpal, SInv Stlth+}
rCold   . . .      Faith    .   (shield currently unavailable)
rNeg    . . .      Spirit   .   b - +0 animal skin
rPois   .          Reflect  .   (helmet restricted)
rElec   .          Harm     .   (no cloak)
rCorr   .          Rampage  .   k - +0 pair of gloves
Will    .....      NoTele   +   r - +0 pair of boots
Stlth   ++........              (no amulet)
HPRegen 0.28/turn               (no ring)
MPRegen 0.12/turn               (no ring)

@: lethally poisoned (-10 -> -13), on berserk cooldown, slowed, very slow
A: horns 2, retaliatory headbutt
a: Renounce Religion, Berserk, Trog's Hand, Brothers in Arms


You were in the Dungeon.
You worshipped Trog.
Trog was exalted by your worship.
You visited 1 branch You collected 25 gold pieces.

Inventory:

Hand Weapons
 a - the +4 battleaxe of the Other Side (weapon) {vorpal, SInv Stlth+}
   (Trog gifted it to you in the Dungeon)

   It inflicts extra damage upon your enemies.
   SInv:      It lets you see invisible.
   Stlth:     It makes you more stealthy.
 q - a +2 executioner's axe of flaming
Armour
 b - a +0 animal skin (worn)
 k - a +0 pair of gloves (worn)
 r - a +0 pair of boots (worn)
Wands
 j - a wand of iceblast (10)
 m - a wand of flame (9)
Scrolls
 h - 2 scrolls of blinking
 n - a scroll of identify
 o - 4 scrolls of enchant weapon
 p - 4 scrolls of enchant armour
Potions
 c - 5 potions of curing
 d - 2 potions of heal wounds
 e - 2 potions of haste
 f - 4 potions of magic
 g - 3 potions of berserk rage
 i - a potion of invisibility
 l - a potion of might


   Skills:
 + Level 15.1 Fighting
 * Level 20.4 Axes
 + Level 14.9 Armour
 + Level 13.7 Dodging


You had 10 spell levels left.
You didn't know any spells.
Your spell library was empty.

Dungeon Overview and Level Annotations

Branches:
Dungeon (1/1)

Altars:
Cheibriados
Dithmenos
Elyvilon
Fedhas
Gozag
Hepliaklqana
Kikubaaqudgha
Makhleb
Nemelex Xobeh
Okawaru
Qazlal
Ru
Sif Muna
Trog
Uskayaw
Vehumet
Wu Jian
Xom
Yredelemnul
Zin
The Shining One
Beogh
Jiyva
Lugonu

Annotations:
D Sonja


Innate Abilities, Weirdness & Mutations

You have a pair of horns on your head.
You reflexively headbutt those who attack you in melee.


Message History

Sonja throws a curare-tipped dart.
The curare-tipped dart closely misses you.
You feel very sick. Sonja misses you.
Sonja hits you with a +2 dagger of distortion. x2
Sonja mumbles some strange words.
Sonja blinks!
You feel very sick.
Sonja throws a curare-tipped dart.
The curare-tipped dart barely misses you.
You feel very sick.
You miss Sonja.
You feel sick. Sonja hits you but does no damage.
Space warps horribly around you!! Sonja misses you. x2
You are too injured to fight recklessly!
You closely miss Sonja. Your headbutt misses Sonja.
You feel sick.
Sonja hits you with a +2 dagger of distortion.
Space warps around you. Sonja barely misses you.
Sonja hits you with a +2 dagger of distortion.
Space warps horribly around you!
* * * LOW HITPOINT WARNING * * *
Sonja hits you with a +2 dagger of distortion!
* * * LOW HITPOINT WARNING * * *
Space warps around you.
* * * LOW HITPOINT WARNING * * *
Sonja hits you but does no damage. Space warps around you.
* * * LOW HITPOINT WARNING * * *
Sonja misses you.
You feel much better.
You feel sick. Sonja hits you but does no damage.
Sonja hits you with a +2 dagger of distortion.
* * * LOW HITPOINT WARNING * * *
Space warps horribly around you!
* * * LOW HITPOINT WARNING * * *
Sonja misses you.
Sonja hits you with a +2 dagger of distortion.
* * * LOW HITPOINT WARNING * * *
Sonja completely misses you.
Sonja hits you with a +2 dagger of distortion.
* * * LOW HITPOINT WARNING * * *
Space warps horribly around you!
You die...

▓.▓.▓.▓
▓.▓}▓.▓.▓
▓.▓(▓.▓.▓
▓.▓.▓.▓'▓
▓.▓.▓.▓_▓
▓.▓.▓.▓_▓
▓.▓.▓.▓_▓
▓K▓)▓.▓_▓
▓@▓'▓.▓_▓
▓.▓.▓.▓_▓
▓.▓.▓.▓_▓
▓.▓.▓.▓_▓
▓.▓.▓.▓_▓
▓.▓.▓.▓_▓
▓.▓.▓.▓_▓
▓.▓.▓.▓_▓
▓.▓.▓.▓_▓


You could see Sonja.

Vanquished Creatures
  2 boulder beetles (D)
  3 hydras (D)
  Erica (D)
  A two-headed ogre (D)
  A cyclops (D)
  A black mamba (D)
  A gargoyle (D)
  An unseen horror (D)
  A kobold demonologist (D)
  A troll (D)
  2 blink frogs (D)
  Eustachio (D)
  A yak (D)
  A warg (D)
  4 water moccasins (D)
  An acid dragon (D)
  2 hell hounds (D)
  A centaur (D)
  6 wolves (D)
  3 bullfrogs (D)
  A howler monkey (D)
  A hound (D)
  An orc wizard (D)
  An adder (D)
  An orc (D)
  A ball python (D)
  A bat (D)
  An endoplasm (D)
  A hobgoblin (D)
  A ball python zombie (D)
  A goblin (D)
  A quokka zombie (D)
47 creatures vanquished.

Vanquished Creatures (collateral kills)
  A polar bear (D)
  A blink frog (D)
  A basilisk (D)
3 creatures vanquished.

Grand Total: 50 creatures vanquished

Notes
Turn   | Place    | Note
-------+----------+-------------------------------------------
     0 | D        | Zeld the Minotaur Berserker began the quest for the Orb.
     0 | D        | Reached XP level 1. HP: 19/19 MP: 0/0
     7 | D        | Reached skill level 4 in Axes
     9 | D        | Reached ** piety under Trog
    46 | D        | Noticed a water moccasin
    46 | D        | Noticed a hound
    49 | D        | Killed a water moccasin
    50 | D        | Reached skill level 7 in Axes
    50 | D        | Reached skill level 5 in Armour
    50 | D        | Reached skill level 5 in Dodging
    50 | D        | Reached XP level 2. HP: 30/30 MP: 1/1
    50 | D        | Reached XP level 3. HP: 37/37 MP: 2/2
    50 | D        | Reached XP level 4. HP: 44/44 MP: 3/3
    50 | D        | Reached *** piety under Trog
    51 | D        | Reached skill level 8 in Axes
    57 | D        | Reached XP level 5. HP: 51/51 MP: 4/4
   135 | D        | Found a snail-covered altar of Cheibriados.
   135 | D        | Found a shadowy altar of Dithmenos.
   135 | D        | Found a white marble altar of Elyvilon.
   135 | D        | Found a blossoming altar of Fedhas.
   135 | D        | Found an opulent altar of Gozag.
   136 | D        | Found a hazy altar of Hepliaklqana.
   198 | D        | Found a viscous altar of Jiyva.
   199 | D        | Found an ancient bone altar of Kikubaaqudgha.
   200 | D        | Found a corrupted altar of Lugonu.
   201 | D        | Found a burning altar of Makhleb.
   202 | D        | Found a sparkling altar of Nemelex Xobeh.
   203 | D        | Found an iron altar of Okawaru.
   204 | D        | Found a stormy altar of Qazlal.
   205 | D        | Found a sacrificial altar of Ru.
   206 | D        | Found a shimmering blue altar of Sif Muna.
   207 | D        | Found a bloodstained altar of Trog.
   208 | D        | Found a hide-covered altar of Uskayaw.
   209 | D        | Found a radiant altar of Vehumet.
   210 | D        | Found an ornate altar of the Wu Jian Council.
   211 | D        | Found a shimmering altar of Xom.
   212 | D        | Found a basalt altar of Yredelemnul.
   213 | D        | Found a glowing silver altar of Zin.
   214 | D        | Found a glowing golden altar of the Shining One.
   253 | D        | Noticed an acid dragon
   253 | D        | Noticed a two-headed ogre
   253 | D        | Noticed a kobold demonologist
   262 | D        | Killed an unseen horror
   263 | D        | Reached skill level 11 in Axes
   263 | D        | Reached XP level 6. HP: 33/62 MP: 5/5
   263 | D        | Reached **** piety under Trog
   555 | D        | Killed an acid dragon
   556 | D        | Reached skill level 12 in Axes
   556 | D        | Reached XP level 7. HP: 70/70 MP: 6/6
   558 | D        | Killed a two-headed ogre
   559 | D        | Reached skill level 10 in Fighting
   559 | D        | Reached skill level 13 in Axes
   559 | D        | Reached XP level 8. HP: 80/80 MP: 7/7
   565 | D        | Killed a kobold demonologist
   566 | D        | Reached skill level 14 in Axes
   566 | D        | Reached skill level 10 in Armour
   566 | D        | Reached ***** piety under Trog
   615 | D        | Noticed a boulder beetle
   615 | D        | Noticed a troll
   615 | D        | Noticed a cyclops
   615 | D        | Noticed a gargoyle
   625 | D        | Killed a boulder beetle
   626 | D        | Reached skill level 15 in Axes
   626 | D        | Reached skill level 10 in Dodging
   626 | D        | Reached XP level 9. HP: 89/89 MP: 8/8
   628 | D        | Killed a troll
   634 | D        | Killed a cyclops
   635 | D        | Reached skill level 16 in Axes
   636 | D        | Killed a gargoyle
   874 | D        | Noticed Erica
   882 | D        | Killed Erica
   883 | D        | Reached skill level 17 in Axes
  1097 | D        | Noticed a black mamba
  1098 | D        | Noticed an eight-headed hydra
  1101 | D        | Noticed a four-headed hydra
  1107 | D        | Killed a black mamba
  1107 | D        | Identified the +4 battleaxe of the Other Side {vorpal, SInv
                  | Stlth+} (Trog gifted it to you in the Dungeon)
  1107 | D        | Received a gift from Trog
  1107 | D        | Reached ****** piety under Trog
  1108 | D        | Reached XP level 10. HP: 101/101 MP: 9/9
  1115 | D        | Killed a 13-headed hydra
  1116 | D        | Reached skill level 18 in Axes
  1568 | D        | Killed a seven-headed hydra
  1574 | D        | Reached skill level 19 in Axes
  1791 | D        | Noticed a seven-headed hydra
  1791 | D        | Noticed a boulder beetle
  1796 | D        | Killed a nine-headed hydra
  1815 | D        | Killed a boulder beetle
  1815 | D        | Received a gift from Trog
  1827 | D        | Reached skill level 20 in Axes
  1828 | D        | Reached XP level 11. HP: 26/111 MP: 10/10
  2162 | D        | Received a gift from Trog
  2163 | D        | Reached skill level 15 in Fighting
  2501 | D        | Noticed Eustachio
  2588 | D        | Noticed Sonja
  2592 | D        | Killed Eustachio
  2612 | D        | Mangled by Sonja

Illustrated notes

Levels and vault maps discovered:
D:        linesprint [early_d, line_temple, items_1, d_10, items_2, lair_1,
          lair_end, items_3, orc_1, orc_end, items_4, d_15, swamp_1, shoals_1,
          snake_1, spider_1, d_20, vaults_1, items_5, swamp_end, shoals_end,
          snake_end, spider_end, vaults_end, d_27, items_6, zot_1, zot_end,
          crypt_end, forest_end, elf_end, slime_end, tomb_end, abyss_end,
          pan_hell_end]

Skill      XL: |  1  2  3  4  5  6  7  8  9 10 11 |
---------------+----------------------------------+-----
Axes           | 7 8 11 12 13 15 17 20 | 20.4
Fighting       | 6 8 9 10 11 13 14 15 | 15.1
Armour         | 5 6 8 9 11 12 14 | 14.9
Dodging        | 5 7 9 10 11 13 | 13.7

Action                   |  1- 3 |  4- 6 |  7- 9 | 10-12 || total
-------------------------+-------+-------+-------+-------++-------
Melee: Hand axe          |    10 |     9 |       |       ||    19
       Headbutt          |     1 |     2 |     8 |     8 ||    19
       Broad axe         |       |    11 |    39 |    15 ||    65
       Punch             |       |       |     1 |       ||     1
       Battleaxe         |       |       |       |    47 ||    47
Invok: Berserk           |     1 |     2 |     3 |     4 ||    10
       Brothers in Arms  |       |       |       |     1 ||     1
  Use: Potion            |       |       |       |     1 ||     1
Armor: Animal skin       |       |       |     2 |    11 ||    13
Dodge: Dodged            |     6 |     7 |    18 |    67 ||    98
